 Dungeon Crawl Stone Soup version 0.26-a0-158-g66bac3cce0 (webtiles) character file.

Game seed: 11159926540483496519

392 Esekla the Grave Robber (level 7, -8/51 HPs)
             Began as a Formicid Necromancer on July 2, 2020.
             Mangled by Menkaure (17 damage)
             ... in the Ecumenical Temple.
             The game lasted 00:31:20 (4855 turns).

Esekla the Grave Robber (Formicid Necromancer)      Turns: 4855, Time: 00:31:20

Health: -8/51      AC: 10    Str: 13    XL:     7   Next: 8%
Magic:  13/13      EV: 12    Int: 16    God:
Gold:   147        SH:  0    Dex: 11    Spells: 10/14 levels left

rFire    + . .     SeeInvis +   o - +0 falchion
rCold    + + +     Faith    .   (no shield)
rNeg     . . .     Spirit   .   u - +3 leather armour {rC+}
rPois    +         Reflect  .   (helmet unavailable)
rElec    +         Harm     .   (no cloak)
rCorr    +                      (no gloves)
MR       .....                  (no boots)
Stlth    ++........             (no amulet)
HPRegen  0.17/turn              k - ring of protection from cold
MPRegen  0.13/turn              l - +4 ring of protection

@: brilliant, resistant, flying
A: permanent stasis, dig shafts and tunnels, four strong arms, antennae 3,
mutation resistance 1
a: Dig, Shaft Self


You were in the Ecumenical Temple.
You were not hungry.

You visited 2 branches of the dungeon, and saw 5 of its levels.

You collected 147 gold pieces.

Inventory:

Hand Weapons
 f - a +0 short sword
 g - a +0 spear
 o - a +0 falchion (weapon)
 q - a +0 long sword
 r - a +0 trident
Missiles
 v - 8 poisoned darts (quivered)
Armour
 p - a +2 chain mail of poison resistance
 u - a +3 leather armour of cold resistance (worn)
Jewellery
 k - a ring of protection from cold (left hand)
 l - a +4 ring of protection (right hand)
Scrolls
 b - a scroll of teleportation
 m - a scroll of enchant armour {unknown}
Potions
 d - a potion of curing
 j - a potion of degeneration {unknown}
Comestibles
 c - 6 rations


   Skills:
 * Level 2.8 Fighting
 + Level 1.6(2.1) Short Blades
 * Level 1.9(2.2) Long Blades
 + Level 2.3 Dodging
 + Level 3.4 Stealth
 * Level 4.1 Spellcasting
 + Level 4.9 Necromancy


You had 10 spell levels left.
You knew the following spells:

 Your Spells              Type           Power        Failure   Level  Hunger
a - Pain                  Necr           ####         2%          1    None
d - Vampiric Draining     Necr           ####......   9%          3    None

Your spell library contained the following spells:

 Spells                   Type           Power        Failure   Level  Hunger
 Animate Skeleton         Necr           N/A          2%          1    None
 Animate Dead             Necr           N/A          26%         4    None
 Agony                    Necr           ####....     58%         5    None


Dungeon Overview and Level Annotations

Branches:
Dungeon (4/15)             Temple (1/1) D:4

Altars:
Ashenzari
Cheibriados
Elyvilon
Gozag
Makhleb
Okawaru
Ru
Trog
Uskayaw
Vehumet
Wu Jian
Yredelemnul
Zin
The Shining One

Annotations:
D:3 2 runed translucent doors, kal9871's ghost, novice SpBr
D:4 Dowan
Temple Menkaure


Innate Abilities, Weirdness & Mutations

You cannot be hasted, slowed, berserked, paralysed or teleported.
You can dig through walls and to a lower floor.
Your four strong arms can wield two-handed weapons with a shield.
You have a pair of large antennae on your head. (SInv)
You are somewhat resistant to further mutation.


Message History

Your body is wracked with pain!
* * * LOW HITPOINT WARNING * * *
Menkaure hits you.
* * * LOW HITPOINT WARNING * * *
It was a potion of curing.
You feel better. Menkaure hits you but does no damage.
It was a potion of brilliance.
You feel clever all of a sudden. Menkaure closely misses you.
It was a potion of mutation.
You feel extremely strange.
You feel genetically stable. Menkaure hits you.
* * * LOW HITPOINT WARNING * * *
It was a potion of flight.
You feel very buoyant.
You fly up into the air.
Menkaure hits you but does no damage.
It was a potion of resistance.
You feel protected. Menkaure closely misses you. Menkaure hits you!
You die...

##### #.[.# #.@.#
#####.M.##### #...##.##...#
#._......._.#
#####...#...#...#####
#...##.##._.##.##...#
#####._.....#...#....._.#####
#...#...#.⌠.#####.⌠.#...#...#
#._....##...........##...._.#


You could see Menkaure (fast).

Vanquished Creatures
  Duvessa (D:4)
  An ice beast (D:3)
  An orc priest (D:3)
  Terence (D:2)
  An orc wizard (D:2)
  A gnoll (D:1)
  3 adders
  A shadow imp (D:3)
  2 worms (D:2)
  3 dart slugs
  A leopard gecko (D:1)
  8 orcs
  6 bats
  A giant cockroach (D:1)
  4 hobgoblins
  3 jackals (D:3)
  A ball python (D:2)
  3 frilled lizards (D:1)
  6 goblins
  5 kobolds
  A leopard gecko skeleton (D:4)
  7 rats
61 creatures vanquished.

Notes
Turn   | Place    | Note
-------+----------+-------------------------------------------
     0 | D:1      | Esekla the Formicid Necromancer began the quest for the
                  | Orb.
     0 | D:1      | Reached XP level 1. HP: 13/13 MP: 3/3
   156 | D:2      | Noticed Terence
   160 | D:2      | You fall into a shaft and drop 1 floor!
   160 | D:3      | Noticed an orc wizard
   160 | D:3      | Noticed an orc priest
   520 | D:2      | Found a bloodstained altar of Trog.
   626 | D:1      | Reached XP level 2. HP: 12/20 MP: 0/5
  1166 | D:1      | Reached skill level 1 in Fighting
  1166 | D:1      | Reached XP level 3. HP: 20/26 MP: 0/6
  1172 | D:1      | Learned a level 3 spell: Vampiric Draining
  1289 | D:1      | You fall into a shaft and drop 1 floor!
  1320 | D:2      | Noticed a phantom
  1717 | D:1      | Reached XP level 4. HP: 29/32 MP: 8/8
  2473 | D:2      | Killed Terence
  2473 | D:2      | Reached skill level 1 in Short Blades
  2634 | D:2      | Found a snail-covered altar of Cheibriados.
  2809 | D:2      | Reached XP level 5. HP: 22/38 MP: 5/9
  3296 | D:3      | Found a hide-covered altar of Uskayaw.
  3376 | D:3      | Found a burning altar of Makhleb.
  3519 | D:3      | Found a snail-covered altar of Cheibriados.
  3685 | D:3      | Found a large runed translucent door.
  3685 | D:3      | Found a large runed translucent door.
  3694 | D:3      | Noticed kal9871's ghost (novice SpBr)
  3736 | D:3      | Noticed an ice beast
  4006 | D:3      | Killed an ice beast
  4006 | D:3      | Reached skill level 1 in Long Blades
  4006 | D:3      | Reached XP level 6. HP: 34/46 MP: 4/11
  4281 | D:4      | Found a staircase to the Ecumenical Temple.
  4339 | Temple   | Entered the Ecumenical Temple
  4368 | D:4      | Noticed Menkaure
  4368 | D:4      | Noticed Dowan
  4369 | D:4      | Noticed Duvessa
  4526 | D:4      | Killed Duvessa
  4526 | D:4      | Reached XP level 7. HP: 31/51 MP: 0/13
  4853 | Temple   | Gained mutation: You are somewhat resistant to further
                  | mutation. [potion of mutation]
  4855 | Temple   | Mangled by Menkaure

Illustrated notes

Levels and vault maps discovered:
D:1:      mrwooster_arrival_statue_2, layout_basic
D:2:      layout_loops_cross, overflow_temple_1_default, grunt_ministairs_5,
          cheibriados_altar_1, uniq_terence
D:3:      layout_loops_cross, makhleb_grotto_becter,
          gammafunk_temple_overflow_statue, first_ration,
          ebering_ghost_disaster_area
D:4:      layout_rooms, minmay_temple_entry_statues, uniq_menkaure, uniq_duvessa
Temple:   eino_wide_crystal_templ

Skill      XL: |  1  2  3  4  5  6 |
---------------+-------------------+-----
Fighting       | 1 2 |  2.8
Spellcasting   | 3 4 |  4.1
Short Blades   | 1 |  1.6
Dodging        | 2 |  2.3
Stealth        | 3 |  3.4
Long Blades    | 1 |  1.9
Necromancy     | |  4.9

Action                   |  1- 3 |  4- 6 |  7- 9 || total
-------------------------+-------+-------+-------++-------
Melee: Short sword       |    66 |    32 |       ||    98
       Falchion          |       |   104 |    12 ||   116
Throw: Dart              |       |     1 |       ||     1
 Cast: Pain              |    23 |     4 |       ||    27
       Vampiric Draining |     2 |    16 |     1 ||    19
 Abil: Shaft Self        |     1 |       |       ||     1
  Use: Potion            |       |       |     5 ||     5
       Scroll            |       |       |     2 ||     2
 Stab: Sleeping          |     5 |     4 |       ||     9
  Eat: Chunk             |     3 |    10 |       ||    13
       Ration            |       |       |     1 ||     1
Armor: Robe              |    13 |    35 |     1 ||    49
       Leather armour    |       |       |     5 ||     5
Dodge: Dodged            |    45 |    85 |     5 ||   135
       Rpst.: Falchion   |       |    23 |       ||    23

Table legend:
 A = Non-vault XP
 B = Vault XP
 C = Vault XP percentage of total XP
 D = Non-vault monster count
 E = Vault monster count
 F = Vault count percentage of total count
                 A         B        C        D         E       F
            +---------+---------+-------+---------+---------+-------
      Total |     357 |     204 |  36.4 |      56 |       5 |   8.2
            +---------+---------+-------+---------+---------+-------
        D:1 |      49 |       0 |   0.0 |      21 |       0 |   0.0
        D:2 |      86 |      39 |  31.2 |      12 |       3 |  20.0
        D:3 |     221 |      11 |   4.7 |      22 |       1 |   4.3
        D:4 |       1 |     154 |  99.4 |       1 |       1 |  50.0
            +---------+---------+-------+---------+---------+-------
